 Dungeon Crawl Stone Soup version 0.30.1-11-g7821555f0a (webtiles) character file.

Game seed: 11032360330098314471

35 Chiseanne the Conjurer (level 3, -5/42 HPs)
             Began as a Demonspawn Wanderer on Nov 17, 2023.
             Killed from afar by Robin (10 damage)
             ... with a puff of flame
             ... on level 2 of the Dungeon.
             The game lasted 00:01:09 (921 turns).

Chiseanne the Conjurer (Demonspawn Wanderer)         Turns: 921, Time: 00:01:09

Health: -5/42      AC:  8    Str: 16    XL:     3   Next: 17%
Magic:  7/7        EV:  9    Int: 11    God:
Gold:   60         SH:  0    Dex: 12    Spells: 8/8 levels left

rFire   . . .        f - +3 dagger
rCold   . . .        (no shield)
rNeg    . . .        d - +0 chain mail
rPois   .            (no helmet)
rElec   .            (no cloak)
rCorr   .            (no gloves)
SInv    .            (no boots)
Will    .....        (no amulet) Stlth
                     (no ring)
HPRegen 0.27/turn    (no ring)
MPRegen 0.10/turn

%: no passive effects
@: berserking (expiring), very quick
A: repulsion field 1, powered by pain 1
a: no special abilities


You were on level 2 of the Dungeon.
You visited 1 branch of the dungeon, and saw 2 of its levels.

You collected 60 gold pieces.

Inventory:

Hand Weapons
 a - a +0 club
 f - a +3 dagger (weapon)
Missiles
 e - 11 stones (quivered)
 g - 2 poisoned darts
Armour
 d - a +0 chain mail (worn)
Scrolls
 b - a scroll of vulnerability
 h - a scroll of fog {unknown}
 j - a scroll of poison {unknown}
Potions
 i - a potion of mutation


   Skills:
 * Level 2.6 Fighting
 * Level 2.3 Armour
 * Level 1.3 Dodging
 - Level 3.0 Spellcasting
 - Level 3.0 Conjurations


You had 8 spell levels left.
You didn't know any spells.
Your spell library contained the following spells:

 Spells                   Type           Power      Damage    Failure   Level
 Searing Ray              Conj           16%        2d5       82%         2
 Static Discharge         Conj/Air       8%         2-3/arc   95%         2
 Portal Projectile        Hex/Tloc       2%         N/A       100%        3
 Tukima's Dance           Hex            1%         N/A       100%        3
 Blade Hands              Tmut           0%         N/A       100%        5


Dungeon Overview and Level Annotations

Branches:
Dungeon (2/15)

Altars:

Annotations:
D:2 Robin


Innate Abilities, Weirdness & Mutations

You are surrounded by a mild repulsion field. (EV +2)
You sometimes gain a little power by taking damage.


Message History

The goblin hits you with a +0 dagger.
* * * LOW HITPOINT WARNING * * *
You barely miss the goblin. You puncture the goblin!
You kill the goblin!
The hobgoblin closely misses you.
Robin roars a battlecry!
You closely miss the hobgoblin.
The hobgoblin is moderately wounded.
The hobgoblin hits you but does no damage.
You barely miss the hobgoblin.
The hobgoblin is moderately wounded.
You puncture the hobgoblin!
You kill the hobgoblin!
A goblin comes into view. It is wielding a +0 dagger.
The hobgoblin throws a stone.
The stone hits you.
* * * LOW HITPOINT WARNING * * *
Robin roars a battlecry!
You hear a shout! x2
A hobgoblin and 4 goblins come into view.
The goblin shouts! x3
Robin zaps a wand.
The puff of flame hits you.
* * * LOW HITPOINT WARNING * * *
A goblin comes into view. It is wielding a +0 dagger.
The hobgoblin hits you.
* * * LOW HITPOINT WARNING * * *
Items here: ) ††††.
You barely miss Robin. You hit Robin.
Robin is moderately wounded.
A frilled lizard comes into view.
The hobgoblin hits you.
* * * LOW HITPOINT WARNING * * *
Robin roars a battlecry!
The goblin goes into a battle-frenzy!
You hit Robin.
Robin is moderately wounded.
The goblin no longer looks unusually strong.
The hobgoblin barely misses you.
Robin zaps a wand.
The puff of flame hits you!
You die...

#######...
..........
#######.##
#######...#.##
#.....).....##
#.#####.#.#### ##'##
#.#.# #####...#
#.#.#### #g@.)...#
#.#.....
#g##)......#.######
..g..hgg.#.....#.#.#
.. .....ggg.#.....#
#.# ##
......gg##.....# #.#
# ...##ggg.......# #
.. #.lg#..#+#.# # .
#...#..# .# ## #...#
#.# #.


You could see Robin, a jackal, 3 hobgoblins, 9 goblins and a frilled lizard.

Vanquished Creatures
  A dart slug (D:1)
  3 endoplasms (D:1)
  5 goblins
  4 hobgoblins
  7 jackals (D:2)
  2 ball pythons (D:1)
  2 bats
  2 kobolds
  4 rats
30 creatures vanquished.

Notes
Turn   | Place    | Note
-------+----------+-------------------------------------------
     0 | D:1      | Chiseanne the Demonspawn Wanderer began the quest for the
                  | Orb.
     0 | D:1      | Chiseanne set off with the following items: a +0 club, a
                  | scroll of vulnerability, a potion of berserk rage, a +0
                  | chain mail; and the following spells available to memorise:
                  | Searing Ray, Static Discharge.
     0 | D:1      | Reached XP level 1. HP: 16/16 MP: 4/4
   206 | D:1      | Gained mutation: You are surrounded by a mild repulsion
                  | field. (EV +2) [demonic ancestry]
   206 | D:1      | Reached XP level 2. HP: 19/22 MP: 6/6
   403 | D:1      | Found a faded altar of an unknown god.
   539 | D:1      | Reached skill level 1 in Dodging
   895 | D:2      | Gained mutation: You sometimes gain a little power by
                  | taking damage. [demonic ancestry]
   895 | D:2      | Reached XP level 3. HP: 27/28 MP: 7/7
   896 | D:2      | Noticed Robin
   921 | D:2      | Killed from afar by Robin

Illustrated notes

Levels and vault maps discovered:
D:1:      nicolae_arrival_washed_ashore, layout_loops_ring,
          basic_ecumenical_altar
D:2:      kennysheep_the_goblin_king, layout_basic, feat_on_display, uniq_robin

Skill      XL: |  1  2 |
---------------+-------+-----
Armour         | 2 |  2.3
Dodging        | 1 |  1.3
Fighting       | |  2.6
Spellcasting   | |  3.0
Conjurations   | |  3.0

Action                     || total
---------------------------++-------
  Melee: Club              ||    10
         Dagger            ||    92
    Use: Scroll            ||     1
         Potion            ||     1
 Armour: Chain mail        ||    52
  Dodge: Dodged            ||    52
